[Event "Early-Titled-Tuesday-Blitz-February-27-2024"]
[Site "Chess.com"]
[Date "2024.02.27"]
[Round "4"]
[White "jcmesafischer"]
[Black "HajiyevKanan"]
[Result "0-1"]
[WhiteElo "2347"]
[BlackElo "2528"]
[TimeControl "180+1"]
[EndTime "8:37:46 PST"]
[Termination "HajiyevKanan won by resignation"]

1. e4 c6 2. Nf3 d5 3. Nc3 a6 4. h3 dxe4 5. Nxe4 Bf5 6. Ng3 Bg6 7. h4 h6 8. Ne5 Bh7 9. Qh5 g6 10. Qf3 Nf6 11. Qb3 Nd5 12. Qxb7 Qc7 13. Qxc7 Nxc7 14. d4 Bg7 15. Bf4 Nd5 16. Bd2 O-O 17. c4 Nc7 18.
Kd1 Ne6 19. Be3 Nxd4 20. Bxd4 Rd8 21. Nf3 c5 22. Ke1 cxd4 23. Bd3 Nc6 24. a3 a5 25. Rb1 Rab8 26. h5 g5 27. Bxh7+ Kxh7 28. Nf5 e6 29. Nxg7 Kxg7 30. Kd2 a4 31. Rhc1 Na5 32. Rc2 Rbc8 33. Kd3 Nb3 34. Nd2 Nc5+ 0-1

[Event "Early-Titled-Tuesday-Blitz-February-27-2024"]
[Site "Chess.com"]
[Date "2024.02.27"]
[Round "4"]
[White "wqws"]
[Black "Andreikka"]
[Result "0-1"]
[WhiteElo "2682"]
[BlackElo "2955"]
[TimeControl "180+1"]
[EndTime "8:37:47 PST"]
[Termination "Andreikka won by resignation"]

1. e4 e5 2. Nf3 Nc6 3. Bb5 a6 4. Ba4 Nf6 5. d3 b5 6. Bb3 Be7 7. O-O O-O 8. Re1 d6 9. a4 Bd7 10. Nc3 Na5 11. Ba2 b4 12. Nd5 Nxd5 13. Bxd5 c6 14. Ba2 c5 15. Bd5 Rb8 16. Be3 Be6 17.
Bxe6 fxe6 18. Nd2 Qd7 19. Qg4 Rf6 20. f4 Nc6 21. fxe5 Nxe5 22. Qh3 Rg6 23. Rf1 Ng4 24.
b3 Bf6 25. Rxf6 Nxf6 26. Rf1 Ng4 27. Nc4 d5 28. exd5 exd5 29. Nd2 Qe6 30. Bxc5 Qc6 31. d4 h6 32. Nf3 Re8 33. Nh4 Rg5 34. Nf3 Ne3 35.
Re1 Rxg2+ 36. Kh1 Rxc2 37. Ne5 Rxe5 38. dxe5 d4+ 39. Kg1 Rg2+ 40. Kh1 Rg3+ 0-1

[Event "Early-Titled-Tuesday-Blitz-February-27-2024"]
[Site "Chess.com"]
[Date "2024.02.27"]
[Round "4"]
[White "JiiHart"]
[Black "mertfelin"]
[Result "0-1"]
[WhiteElo "2147"]
[BlackElo "2316"]
[TimeControl "180+1"]
[EndTime "8:37:47 PST"]
[Termination "mertfelin won on time"]

1. e4 e5 2. Nf3 Nc6 3. Bc4 Bc5 4. c3 Nf6 5. d4 exd4 6. b4 Bb6 7. e5 d5 8. exf6 dxc4 9. Qe2+ Be6 10. b5 Na5 11. fxg7 Rg8 12. Bg5 Qd5 13. Bf6 d3 14. Qe5 Rd8 15.
Nbd2 Qxe5+ 16. Nxe5 Rd5 17. O-O Rxb5 18. Rfe1 c6 19.
Nexc4 Nxc4 20. Nxc4 Bd8 21. Nd6+ Kd7 22. Nxb5 Bxf6 23.
Nd4 Bc4 24. Rad1 Rxg7 25. Nf5 Rg5 26. Ne3 Be6 27. Rxd3+ Kc7 28. c4 Ra5 29. Re2 Ra4 30. Rc2 Rb4 31. f4 Be7 32. Kf2 Bc5 33. Kf3 Rb1 34.
g4 Rg1 35. f5 Bd7 36. h3 a5 37. a3 Ra1 38. Rcc3 a4 39. h4 Rh1 40. Kg3 Bd6+ 41. Kg2 Rh2+ 42. Kg1 Rxh4 43. c5 Be5 44. Ng2 Rxg4 45. Rc2 Bxf5 46. Re2 Bxd3 47. Rxe5 Be4 48. Rxe4 Rxe4 49. Kf2 Rc4 0-1

[Event "Early-Titled-Tuesday-Blitz-February-27-2024"]
[Site "Chess.com"]
[Date "2024.02.27"]
[Round "4"]
[White "MessiKingdom"]
[Black "Rikikits"]
[Result "1-0"]
[WhiteElo "2639"]
[BlackElo "2829"]
[TimeControl "180+1"]
[EndTime "8:37:49 PST"]
[Termination "MessiKingdom won on time"]

1. d4 Nf6 2. Bf4 d5 3. e3 c6 4. Nf3 Bf5 5. c4 e6 6. Nc3 Nbd7 7. Qb3 Qb6 8. c5 Qxb3 9. axb3 a6 10. b4 Rc8 11. h3 Be7 12. Nd2 Bd8 13. Nb3 Ne4 14.
Na5 Bxa5 15. bxa5 f6 16. f3 Nxc3 17. bxc3 e5 18. Bg3 h5 19. Kd2 h4 20. Bh2 Rc7 21. Bd3 Bxd3 22. Kxd3 Kd8 23. Kd2 Kc8 24. f4 exd4 25.
exd4 f5 26. Rhe1 Nf6 27. Re5 Ne4+ 28. Kc2 Rf7 29. Re1 Kd7 30. Re2 Re8 31. Rxe8 Kxe8 32. Kd3 Kd7 33. c4 Ke6 34. Bg1 g6 35. Bf2 Rh7 36.
Be1 Rh8 37. Rb2 Rh7 38. Re2 Kd7 39. cxd5 cxd5 40. Rb2 Kc7 41. Rb6 g5 42. fxg5 Nxg5 43. Bd2 Ne4 44. Bf4+ Kc8 45. Rg6 Kd7 46. Rb6 Kc8 47.
c6 bxc6 48. Rb8+ 1-0

[Event "Early-Titled-Tuesday-Blitz-February-27-2024"]
[Site "Chess.com"]
[Date "2024.02.27"]
[Round "4"]
[White "Chernov_Alexander_A"]
[Black "TitarovVasiliYouTube"]
[Result "1/2-1/2"]
[WhiteElo "2336"]
[BlackElo "2515"]
[TimeControl "180+1"]
[EndTime "8:37:49 PST"]
[Termination "Game drawn by repetition"]

1. e4 c5 2. Nf3 Nf6 3. Nc3 d5 4.
exd5 Nxd5 5. Ne5 Nxc3 6. bxc3 Nd7 7. Nxd7 Bxd7 8. Be2 Bc6 9. Bf3 Qd7 10. O-O e6 11. d3 Be7 12. c4 Bf6 13. Rb1 O-O 14. Bb2 Bxb2 15. Rxb2 e5 16. Re1 f6 17. Qe2 b6 18.
Bxc6 Qxc6 19. Qe4 Qd7 20. Qd5+ Qf7 21. a4 Rad8 22. Qxf7+ Rxf7 23. a5 Rd6 24. axb6 axb6 25. Ra1 Rb7 26. f3 Kf7 27. Ra8 Ke6 28. Rc8 Kd7 29.
Rxc5 Rc6 30. Rcb5 Kc7 31. Kf2 Ra7 32. h4 Ra1 33. Rb1 Ra2 34. R5b2 Ra8 35. g4 g6 36. Ke3 Ra3 37. Rb3 Ra2 38. R3b2 Ra3 39. Ke4 Ra8 40. Rb5 Ra2 41. R5b2 Ra8 42. Rb5 Ra2 43. R5b2 Ra8 1/2-1/2

[Event "Early-Titled-Tuesday-Blitz-February-27-2024"]
[Site "Chess.com"]
[Date "2024.02.27"]
[Round "4"]
[White "DamianoLew95"]
[Black "carloseduar100"]
[Result "1-0"]
[WhiteElo "2670"]
[BlackElo "2402"]
[TimeControl "180+1"]
[EndTime "8:37:50 PST"]
[Termination "DamianoLew95 won by resignation"]

1. e4 e6 2. d3 d5 3. Nd2 Nf6 4. g3 Be7 5. Bg2 c5 6. Ngf3 Nc6 7. O-O b5 8. Re1 a5 9. e5 Nd7 10. Nf1 a4 11. h4 b4 12. a3 bxa3 13. bxa3 Qc7 14.
Bf4 Nd4 15. Ne3 Nxf3+ 16. Qxf3 Bb7 17. Qg4 g5 18. hxg5 Nxe5 19. Nxd5 Nxg4 20. Nxc7+ Kd7 21. Bxb7 Ra7 22. Bf3 h5 23. Nb5 Ra5 24. Rab1 Rc8 25. Nc3 c4 26. Bb7 Rd8 27. d4 Bxg5 28. Bxg5 Rxg5 29. Bf3 Rf5 30. Rb7+ Kc8 31. Bxg4 hxg4 32. Rb4 Rxd4 33. Re4 Rd2 34. Rbxc4+ Kd7 35. Re2 Rd6 36.
Nxa4 Ke7 37. Rxg4 Rd1+ 38. Kg2 Ra1 39. Re3 Ra2 40. Rc3 Rd5 41. Rc7+ Ke8 42. Nc3 Rd7 43.
Rxd7 Kxd7 44. Nxa2 1-0

[Event "Early-Titled-Tuesday-Blitz-February-27-2024"]
[Site "Chess.com"]
[Date "2024.02.27"]
[Round "4"]
[White "KorolDimitriy75"]
[Black "NikitaShnadrygin"]
[Result "0-1"]
[WhiteElo "2426"]
[BlackElo "2632"]
[TimeControl "180+1"]
[EndTime "8:37:50 PST"]
[Termination "NikitaShnadrygin won on time"]

1. d4 d5 2. c4 Nc6 3. Nc3 dxc4 4. d5 Na5 5. Qa4+ c6 6. b4 b5 7. Qxa5 Qxa5 8. bxa5 b4 9. Nd1 cxd5 10. e4 e6 11.
exd5 exd5 12. g3 Bb7 13. Bg2 O-O-O 14. Bf4 Bc6 15. Ne2 Bc5 16. O-O Ne7 17. Ne3 f6 18.
h4 Kb7 19. Rfc1 Ka6 20. Nxc4 dxc4 21. Rxc4 Bxg2 22. Kxg2 Rc8 23. Rac1 Kb5 24. Bd2 Rhd8 25. Be1 Rc6 26. a6 Rdc8 0-1

[Event "Early-Titled-Tuesday-Blitz-February-27-2024"]
[Site "Chess.com"]
[Date "2024.02.27"]
[Round "4"]
[White "ChadBiryani"]
[Black "Statham_01"]
[Result "1-0"]
[WhiteElo "2420"]
[BlackElo "2562"]
[TimeControl "180+1"]
[EndTime "8:37:50 PST"]
[Termination "ChadBiryani won on time"]

1. e4 e5 2. Nf3 Nf6 3. d3 Nc6 4. c3 d5 5. Nbd2 Bc5 6. Be2 a5 7. O-O O-O 8. h3 Re8 9. Re1 a4 10.
Qc2 a3 11. b4 Bb6 12. Nb1 d4 13. b5 Nb8 14. Bxa3 dxc3 15. Bb4 c6 16. bxc6 Nxc6 17. Bxc3 Bd7 18. Nbd2 Rc8 19. Nc4 Ba7 20. Qb2 b5 21. Nd6 b4 22. Bd2 Nd4 23. Nxe8 Bxe8 24. Rac1 Rxc1 25. Bxc1 Bb5 26. Nxd4 Bxd4 27. Qxb4 Bd7 28.
Be3 Bxe3 29. fxe3 h6 30. a4 Nh7 31. Qd6 Qh4 32. Rf1 Bxh3 33. Qb8+ Nf8 34. Qxe5 Ng6 35. Qh2 Qg5 36. Qxh3 f6 37. Rf5 1-0

[Event "Early-Titled-Tuesday-Blitz-February-27-2024"]
[Site "Chess.com"]
[Date "2024.02.27"]
[Round "4"]
[White "MIss_MIaMI"]
[Black "PawnEatingZombie"]
[Result "1-0"]
[WhiteElo "2413"]
[BlackElo "2149"]
[TimeControl "180+1"]
[EndTime "8:37:50 PST"]
[Termination "MIss_MIaMI won by resignation"]

1. e4 d6 2. Nf3 Nf6 3. Nc3 e5 4. h3 Be7 5. d4 Nbd7 6. Bc4 O-O 7. O-O c6 8. dxe5 dxe5 9. a3 Qc7 10. Bg5 h6 11. Bh4 a5 12. a4 Nc5 13. Qe2 Be6 14. Rfd1 Rfd8 15. Bg3 Nfd7 16. Bxe6 Nxe6 17. Rxd7 Qxd7 18.
Nxe5 Qd2 19. Qh5 Rf8 20. Rd1 Qxc2 21. Rd7 Bf6 22. Nxf7 Qxb2 23. Ne2 Qb1+ 24. Kh2 Qxe4 25. Bd6 Rfe8 26. Ng3 Nf4 27. Nxh6+ gxh6 28. Qf7+ Kh8 29. Qxf6+ 1-0

[Event "Early-Titled-Tuesday-Blitz-February-27-2024"]
[Site "Chess.com"]
[Date "2024.02.27"]
[Round "4"]
[White "javirec"]
[Black "yuriydovzik"]
[Result "0-1"]
[WhiteElo "2287"]
[BlackElo "2134"]
[TimeControl "180+1"]
[EndTime "8:37:52 PST"]
[Termination "yuriydovzik won by checkmate"]

1. Nf3 b6 2. g3 Bb7 3. Bg2 e5 4. d3 g6 5. O-O Bg7 6. c4 Ne7 7. Nc3 O-O 8. Rb1 d5 9. cxd5 Nxd5 10. Bd2 c5 11. Qa4 Nb4 12. a3 Bc6 13. Qb3 N4a6 14.
Qc2 Nc7 15. b4 Ne6 16. Rfc1 Nd7 17. Ng5 Nd4 18. Qd1 Bxg2 19. Kxg2 h6 20. Nge4 f5 21. Nd6 Qe7 22. bxc5 Nxc5 23. Nc4 e4 24. Be3 exd3 25.
exd3 Qb7+ 26. f3 Rae8 27. Bf2 Re2 28. Nxe2 Qxf3+ 29. Kf1 Nxd3 30. Kg1 Qxf2+ 31. Kh1 Qf3+ 32. Kg1 Nxe2+ 33. Qxe2 Qxe2 34. Rf1 Bd4+ 35. Kh1 Qe4+ 36.
Rf3 Qxf3# 0-1

[Event "Early-Titled-Tuesday-Blitz-February-27-2024"]
[Site "Chess.com"]
[Date "2024.02.27"]
[Round "4"]
[White "Happy1712Drummer"]
[Black "nickmatta"]
[Result "0-1"]
[WhiteElo "2394"]
[BlackElo "2544"]
[TimeControl "180+1"]
[EndTime "8:37:54 PST"]
[Termination "nickmatta won by checkmate"]

1. e4 c5 2. Nf3 Nf6 3. e5 Nd5 4. c3 Nc6 5. d4 cxd4 6. cxd4 d6 7.
exd6 e6 8. Nc3 Nxc3 9. bxc3 Bxd6 10. Bd3 Qc7 11. O-O h6 12. Qe2 O-O 13. Qe4 f5 14. Qe2 Ne7 15. c4 Bd7 16. Bb2 Rae8 17. h4 Bc6 18. c5 Bxf3 19. Qxf3 Bf4 20. g3 Bd2 21. Qe2 Ba5 22. Qxe6+ Kh8 23. d5 Ng8 24. Qg6 Bb4 25. Bxf5 Rxf5 26. Qxf5 Bxc5 27. Rae1 Qxg3+ 28. Kh1 Qxh4+ 29. Kg1 Rf8 30. Qg6 Bxf2+ 31. Kg2 Rf7 32.
Qxf7 Qg3+ 33. Kh1 Qh3# 0-1

[Event "Early-Titled-Tuesday-Blitz-February-27-2024"]
[Site "Chess.com"]
[Date "2024.02.27"]
[Round "4"]
[White "JonSnowNW1"]
[Black "pr1105"]
[Result "0-1"]
[WhiteElo "2504"]
[BlackElo "2332"]
[TimeControl "180+1"]
[EndTime "8:37:54 PST"]
[Termination "pr1105 won on time"]

1. e4 e5 2. Nf3 Nc6 3. d4 exd4 4.
Nxd4 Nf6 5. Nc3 Bb4 6. Nxc6 bxc6 7. Bd3 d5 8. exd5 cxd5 9. O-O O-O 10. Bg5 c6 11. Qf3 h6 12. Bh4 g5 13. Qg3 Kh8 14. Bxg5 hxg5 15. Qxg5 Nh7 16. Qh6 f5 17. Ne2 Qf6 18.
Qh5 Bd6 19. f4 c5 20. c4 d4 21. Ng3 Bd7 22. Qf3 Rae8 23. Nh5 Qg6 24. Rae1 Bb8 25. Ng3 Bc6 26. Qf2 Be4 27. Nxe4 fxe4 28. f5 Qh6 29. g3 exd3 30. Qf3 d2 31. Rxe8 Rxe8 32. Qb7 Qe3+ 33.
Kg2 Qe4+ 34. Kg1 Qxb7 0-1

[Event "Early-Titled-Tuesday-Blitz-February-27-2024"]
[Site "Chess.com"]
[Date "2024.02.27"]
[Round "4"]
[White "Binary010"]
[Black "TregubovP"]
[Result "1-0"]
[WhiteElo "2862"]
[BlackElo "2685"]
[TimeControl "180+1"]
[EndTime "8:37:56 PST"]
[Termination "Binary010 won by resignation"]

1. e4 c5 2. Nf3 e6 3. d4 cxd4 4.
Nxd4 Nf6 5. Nc3 Nc6 6. Ndb5 Bb4 7. a3 Bxc3+ 8. Nxc3 d5 9. exd5 exd5 10. Bd3 O-O 11.
O-O d4 12. Ne2 Bg4 13. Bg5 Qd6 14. Qd2 Bxe2 15. Qxe2 Rfe8 16. Qd1 Ne4 17. Bh4 Qf4 18. Bg3 Nxg3 19. hxg3 Qf6 20. Qf3 Qxf3 21. gxf3 Ne5 22.
Be4 Nc4 23. Rfd1 Rad8 24. b3 Nd6 25. Rxd4 Nxe4 26. Rxd8 Rxd8 27. fxe4 Rd2 28. Rc1 g5 29. g4 Kg7 30. Kg2 Kf6 31. Kf3 Ke5 32. Ke3 Rd6 33.
Rh1 h6 34. Rh5 Rf6 35. f3 b5 36. Rh2 Rc6 37. Rd2 Rc3+ 38. Rd3 Rxc2 39. Rd5+ Ke6 40.
Rxb5 Rc3+ 41. Ke2 a6 42. Rb6+ Ke5 43. Rxh6 Rxb3 44. Rxa6 Kf4 45. Rf6+ Kg3 46. Rxf7 Rxa3 47. Rf5 Rb3 48. e5 1-0

[Event "Early-Titled-Tuesday-Blitz-February-27-2024"]
[Site "Chess.com"]
[Date "2024.02.27"]
[Round "4"]
[White "jefferyx"]
[Black "averageFM"]
[Result "1-0"]
[WhiteElo "3042"]
[BlackElo "2632"]
[TimeControl "180+1"]
[EndTime "8:37:56 PST"]
[Termination "jefferyx won on time"]

1. d4 Nf6 2. c4 e6 3. Nc3 Bb4 4.
Nf3 O-O 5. Bg5 h6 6. Bh4 d5 7. e3 c5 8. cxd5 cxd4 9. Qxd4 Bxc3+ 10. Qxc3 Nxd5 11. Bxd8 Nxc3 12. Ba5 Nd5 13. Bd2 b6 14.
Bc4 Ba6 15. Bxd5 exd5 16. Bc3 Nd7 17. Nd4 Nc5 18. f3 Rfe8 19. Kd2 Rac8 20. Nf5 Re6 21. g4 f6 22. h4 Na4 23. Bd4 Kf8 24. Rac1 Rec6 25. Rxc6 Rxc6 26. g5 hxg5 27. hxg5 fxg5 28. Nxg7 Nc5 29. Nf5 Ne6 30. Be5 Kf7 31. Rh6 Nd8 32. Rh8 Ke6 33. Nd4+ Kxe5 34. Rxd8 Rh6 35. Rd7 Bf1 36.
Rxa7 Rh2+ 37. Kc3 Rf2 38. Re7+ Kd6 39. Re6+ Kc7 40. Rg6 Bg2 41. Rxg5 Bh1 42. Rxd5 Rf1 43. Rf5 Re1 44. Kd2 Rb1 45. Kc2 Ra1 46. a3 Bg2 47. Rf7+ Kd6 48. Rf6+ Ke5 49. Rxb6 Bf1 50. Kd2 Rb1 51.
a4 Bc4 52. a5 Rf1 53. a6 Ra1 54. a7 1-0

[Event "Early-Titled-Tuesday-Blitz-February-27-2024"]
[Site "Chess.com"]
[Date "2024.02.27"]
[Round "4"]
[White "arenal72"]
[Black "Smile2005"]
[Result "1-0"]
[WhiteElo "2586"]
[BlackElo "2394"]
[TimeControl "180+1"]
[EndTime "8:37:57 PST"]
[Termination "arenal72 won by checkmate"]

1. Nf3 Nf6 2. g3 b5 3. Bg2 Bb7 4. O-O e6 5. d3 Be7 6. e4 d6 7. Re1 Nbd7 8. Nbd2 c5 9. Nf1 a5 10. h4 a4 11. Bf4 h6 12. N1h2 O-O 13. Qe2 Qb6 14. Qd2 Kh7 15. g4 Rg8 16. g5 Nh5 17. Bh3 Raf8 18. Bg4 Nxf4 19. Qxf4 Qd8 20. Kh1 Ne5 21.
Rg1 Nxg4 22. Qxg4 d5 23. Rae1 dxe4 24. dxe4 f5 25. gxf6 Rxf6 26. Ne5 Rxf2 27. Qg6+ Kh8 28. Nhg4 Qb8 29. Nxf2 Qxe5 30. Ng4 Qf4 31. Rgf1 Qg3 32. Re2 Qh3+ 33. Kg1 Bxh4 34. Rh2 Qg3+ 35. Rg2 Qh3 36. Ne5 Qe3+ 37. Kh2 Rf8 38. Rxf8# 1-0

[Event "Early-Titled-Tuesday-Blitz-February-27-2024"]
[Site "Chess.com"]
[Date "2024.02.27"]
[Round "4"]
[White "ural58"]
[Black "GelmanAlexander"]
[Result "1-0"]
[WhiteElo "2460"]
[BlackElo "2714"]
[TimeControl "180+1"]
[EndTime "8:37:57 PST"]
[Termination "ural58 won by checkmate"]

1. e4 c5 2. b3 e6 3. Nf3 a6 4. Bb2 b6 5. d4 cxd4 6. Nxd4 Bb7 7. Bd3 Qc7 8. O-O Nf6 9. Qe2 h5 10. h3 d6 11. Nd2 Nbd7 12. a4 Be7 13. Nc4 g5 14.
Rfe1 g4 15. h4 Ne5 16. a5 b5 17. Nb6 Rd8 18. g3 Rg8 19. Rad1 Rg6 20. Bc1 Qc5 21. Be3 Qc7 22. c4 Nxd3 23. Qxd3 Bxe4 24. Qe2 b4 25. Bg5 Bb7 26. Qd3 Rg7 27. Kh2 Nd7 28.
Rxe6 fxe6 29. Nxe6 Qc6 30. Nd5 Rxg5 31. hxg5 Ne5 32.
Qh7 Kd7 33. Qxe7+ Kc8 34. Qxd8# 1-0

[Event "Early-Titled-Tuesday-Blitz-February-27-2024"]
[Site "Chess.com"]
[Date "2024.02.27"]
[Round "4"]
[White "Orion2127989"]
[Black "dpopadic"]
[Result "0-1"]
[WhiteElo "2153"]
[BlackElo "2349"]
[TimeControl "180+1"]
[EndTime "8:37:57 PST"]
[Termination "dpopadic won by resignation"]

1. d4 Nf6 2. Nf3 g6 3. Bg5 Bg7 4.
Nbd2 d6 5. e4 O-O 6. Bd3 Nc6 7.
O-O e5 8. c3 h6 9. Bh4 Qe7 10.
Re1 Bd7 11. a3 Rad8 12. Qc2 Bc8 13. Rad1 a6 14. h3 g5 15. Bg3 Nh5 16. Bh2 Rfe8 17.
dxe5 dxe5 18. Nc4 Nf4 19. Bf1 Be6 20. Ne3 Rxd1 21. Rxd1 Rd8 22. Rxd8+ Qxd8 23. b4 Ne7 24. Bc4 Bxc4 25. Nxc4 Neg6 26. Qd2 Qxd2 27. Nfxd2 Ne2+ 28. Kf1 Nxc3 29. f3 f6 30. Bg1 Bf8 31. Nb3 Nf4 32. Nc5 Bxc5 33. Bxc5 Kf7 34. Ne3 h5 35. Nc4 Ke6 36. Be3 b5 37. Nb2 Kd7 38. h4 gxh4 39. Bxf4 exf4 40. Nd3 Nb1 41. a4 bxa4 42. Nc5+ Kc6 43. Nxa4 Kb5 44. Nb2 Kxb4 45. Nd3+ Kc3 46. Nxf4 a5 47. Ne2+ Kb2 48. f4 Nd2+ 0-1

[Event "Early-Titled-Tuesday-Blitz-February-27-2024"]
[Site "Chess.com"]
[Date "2024.02.27"]
[Round "4"]
[White "GrotBchess"]
[Black "MaxLeto"]
[Result "1-0"]
[WhiteElo "2388"]
[BlackElo "2523"]
[TimeControl "180+1"]
[EndTime "8:37:58 PST"]
[Termination "GrotBchess won on time"]

1. e4 c5 2. Nf3 d6 3. Bb5+ Nd7 4. c3 a6 5. Ba4 b5 6. Bc2 c4 7. b3 Bb7 8. bxc4 bxc4 9. Qe2 Qc7 10. Na3 Rc8 11. Rb1 Ba8 12. O-O Ngf6 13. Re1 e6 14. Rb4 d5 15. exd5 Bxd5 16. Ra4 Nc5 17. Ne5 Bd6 18.
Naxc4 Nxa4 19. Bxa4+ Ke7 20. Nxd6 Qxd6 21. c4 Be4 22. d4 Qxd4 23. Ba3+ Rc5 24. Qxe4 Nxe4 25. Nc6+ Kf6 26. Nxd4 Rxc4 27. Bb3 Rxd4 28. Bb2 Ke5 29. f4+ Kxf4 30. Bxd4 f5 31. g3+ Kg5 32. Bxe6 Rc8 33. Bxc8 1-0

[Event "Early-Titled-Tuesday-Blitz-February-27-2024"]
[Site "Chess.com"]
[Date "2024.02.27"]
[Round "4"]
[White "Witik"]
[Black "GMKrikor"]
[Result "0-1"]
[WhiteElo "2714"]
[BlackElo "2934"]
[TimeControl "180+1"]
[EndTime "8:38:00 PST"]
[Termination "GMKrikor won by resignation"]

1. d4 Nf6 2. Bf4 c5 3. e3 g6 4. Nf3 Bg7 5. c3 O-O 6. Nbd2 d6 7. h3 cxd4 8. exd4 Nc6 9. Bh2 e5 10. dxe5 dxe5 11. Nc4 e4 12. Nfd2 Re8 13. Be2 Bf8 14. O-O Be6 15. Ne3 Qe7 16. Qc2 Bd7 17. Ndc4 Be6 18.
Nd6 Red8 19. Nxe4 Nd5 20. Nxd5 Bxd5 21. Bf3 Ne5 22. Bxe5 Qxe5 23. Rfe1 Qf4 24. Rad1 Bc6 25. Nd2 Bc5 26. b4 Bb6 27. Ne4 Kg7 28. Rxd8 Rxd8 29. c4 Bd4 30. Nd2 Bxf2+ 31. Kf1 Rxd2 32. Qc3+ Bd4 0-1

[Event "Early-Titled-Tuesday-Blitz-February-27-2024"]
[Site "Chess.com"]
[Date "2024.02.27"]
[Round "4"]
[White "Cayse"]
[Black "Boorchess"]
[Result "1-0"]
[WhiteElo "2828"]
[BlackElo "2568"]
[TimeControl "180+1"]
[EndTime "8:38:00 PST"]
[Termination "Cayse won on time"]

1. Nf3 d5 2. g3 Bg4 3. Bg2 e6 4. O-O Nd7 5. d3 Ngf6 6. c4 c6 7.
Nc3 Be7 8. cxd5 cxd5 9. h3 Bh5 10. e4 dxe4 11. dxe4 Nc5 12. g4 Bg6 13. Ne5 Qxd1 14. Rxd1 Nfxe4 15. Nb5 O-O 16. Nxg6 hxg6 17.
b4 Rfd8 18. Be3 Bf6 19. bxc5 Bxa1 20. Rxa1 f5 21. Nc7 Rac8 22. Nxe6 Re8 23. Bxe4 fxe4 24.
Nf4 g5 25. Ne2 Re5 26. Rb1 b6 27. cxb6 axb6 28. Nd4 Ra5 29. Rxb6 Rxa2 30. Bxg5 Ra7 31. Be3 Re7 32. Kg2 Rce8 33. Nf5 Rf7 34. h4 Rf6 35. Rxf6 gxf6 36. Kg3 Re6 37. h5 Kf7 38. Kf4 1-0

[Event "Early-Titled-Tuesday-Blitz-February-27-2024"]
[Site "Chess.com"]
[Date "2024.02.27"]
[Round "4"]
[White "jamengrand"]
[Black "JonasEilenberg"]
[Result "1-0"]
[WhiteElo "2387"]
[BlackElo "2549"]
[TimeControl "180+1"]
[EndTime "8:38:00 PST"]
[Termination "jamengrand won by checkmate"]

1. e4 e6 2. d4 d5 3. e5 c5 4. c3 Nc6 5. Nf3 Qb6 6. Bd3 cxd4 7. O-O Bd7 8. a3 Rc8 9. b4 a6 10. Bb2 dxc3 11. Nxc3 Nh6 12. Rc1 Be7 13. Na4 Qa7 14.
Nc5 Bxc5 15. bxc5 O-O 16. Bb1 b6 17. Ng5 g6 18. Rc3 f6 19. exf6 Nf7 20. Nxh7 bxc5 21. Bxg6 Qb8 22. Rb3 Qf4 23. Rg3 Qh6 24. Bc1 Qh4 25.
Nxf8 Kxf8 26. Bxf7 Kxf7 27. Rg7+ Ke8 28. Bg5 Qe4 29.
Qh5+ Kd8 30. Qf7 Ne5 31. Qe7+ Kc7 32. Qxc5+ Kb8 33. Qb6+ Ka8 34. Qxa6+ Kb8 35. Qb6+ Ka8 36. Rb1 Nd3 37. Qa6# 1-0

[Event "Early-Titled-Tuesday-Blitz-February-27-2024"]
[Site "Chess.com"]
[Date "2024.02.27"]
[Round "4"]
[White "matagordo"]
[Black "Schattman"]
[Result "0-1"]
[WhiteElo "2222"]
[BlackElo "2434"]
[TimeControl "180+1"]
[EndTime "8:38:00 PST"]
[Termination "Schattman won on time"]

1. d4 g6 2. Bf4 Bg7 3. Nc3 d6 4. e4 Nd7 5. Nf3 e5 6. Be3 Ne7 7. Qd2 exd4 8. Nxd4 Ne5 9. f3 O-O 10.
O-O-O a6 11. Bh6 b5 12. h4 b4 13. Nb1 Bxh6 14. Qxh6 f6 15. h5 g5 16. f4 Ng4 17.
Bc4+ Kh8 18. Qg6 Nxg6 19. hxg6 h6 20. f5 Kg7 21. Rdf1 Re8 22. Be2 Ne5 23. Rh5 Rh8 24. Rfh1 Bd7 25. Nd2 c5 26. N4f3 Nxf3 27. Bxf3 Rc8 28.
Nf1 Qe7 29. Ne3 Bc6 30. Ng4 Bxe4 31. Nxh6 Bxf3 32. gxf3 Qe3+ 33. Kb1 Qxf3 34. Nf7 Rxh5 0-1

[Event "Early-Titled-Tuesday-Blitz-February-27-2024"]
[Site "Chess.com"]
[Date "2024.02.27"]
[Round "4"]
[White "FontVella8"]
[Black "SantoBlue"]
[Result "0-1"]
[WhiteElo "2710"]
[BlackElo "2964"]
[TimeControl "180+1"]
[EndTime "8:38:01 PST"]
[Termination "SantoBlue won on time"]

1. Nf3 d5 2. b3 Bf5 3. Bb2 e6 4.
g3 h6 5. Bg2 Nf6 6. O-O Be7 7.
d3 O-O 8. Nbd2 Nbd7 9. c4 c6 10. a3 a5 11. Qc2 Bh7 12. Rfb1 b5 13.
Nd4 Qb6 14. cxb5 cxb5 15. Rc1 Bc5 16. e3 Rac8 17. Qb1 Ne5 18. Bf1 Nfd7 19. a4 bxa4 20. bxa4 Rb8 21. Bc3 Bb4 22. Nb5 Bxc3 23. Rxc3 Bg6 24.
Qc2 Kh7 25. Rc1 Qd8 26. Rc7 Nf6 27. Nb3 Ne8 28. Rc5 Qf6 29. N3d4 h5 30. h4 Bf5 31. Be2 Bg4 32. f4 Nd7 33. Bxg4 hxg4 34. Rc6 g6 35. Qe2 Ng7 36. Qxg4 Nb6 37. e4 dxe4 38. dxe4 Nxa4 39. e5 Qd8 40. Rd6 Qe8 41. Nc7 Qc8 42. Rdc6 Qd7 43. Nf3 Qd3 44. Ng5+ Kg8 45. Rd6 Qe3+ 46. Kg2 Rb2+ 47.
Kh3 Qxc1 48. Qf3 Qxc7 0-1

[Event "Early-Titled-Tuesday-Blitz-February-27-2024"]
[Site "Chess.com"]
[Date "2024.02.27"]
[Round "4"]
[White "Tashik"]
[Black "bolwin"]
[Result "1-0"]
[WhiteElo "2503"]
[BlackElo "2262"]
[TimeControl "180+1"]
[EndTime "8:38:01 PST"]
[Termination "Tashik won by resignation"]

1. c4 Nf6 2. Nc3 e5 3. Nf3 Nc6 4. g3 Bc5 5. Nxe5 Bxf2+ 6. Kxf2 Nxe5 7. Bg2 Nxc4 8. e4 d5 9. Nxd5 O-O 10. d3 Nxd5 11.
dxc4 Nf6 12. Qxd8 Rxd8 13. Bf4 c6 14. h3 Be6 15. b3 Rd4 16. Be3 Rd3 17. Rhd1 Rad8 18.
Ke2 Rxd1 19. Rxd1 Rxd1 20. Kxd1 a5 21. a4 Kf8 22. Bb6 Ke7 23. Bxa5 Kd6 24. Bc3 b5 25. e5+ Kc5 26. exf6 gxf6 27. axb5 cxb5 28. Bd5 bxc4 29. Bxc4 Bxc4 30. bxc4 f5 31. Ke2 Kxc4 32. Bg7 Kd5 33. Kf3 Ke6 34. Bc3 f6 35. Kf4 h6 36. h4 h5 37. Bb2 Kd5 38. Kxf5 Kc4 39. Bxf6 Kd3 40. Be5 Ke3 41. Kg5 Kf3 42. Kxh5 1-0

[Event "Early-Titled-Tuesday-Blitz-February-27-2024"]
[Site "Chess.com"]
[Date "2024.02.27"]
[Round "4"]
[White "ASVZ"]
[Black "joshdaruca"]
[Result "1-0"]
[WhiteElo "2572"]
[BlackElo "2766"]
[TimeControl "180+1"]
[EndTime "8:38:03 PST"]
[Termination "ASVZ won by resignation"]

1. e4 c5 2. c3 d5 3. exd5 Qxd5 4. d4 Nf6 5. Nf3 Nc6 6. dxc5 Qxd1+ 7. Kxd1 Bg4 8. Be3 O-O-O+ 9. Kc1 e5 10. Bb5 Bxf3 11.
gxf3 Nd5 12. Bxc6 bxc6 13. b4 a5 14. a3 Be7 15. Kc2 f5 16. Rg1 g6 17. c4 Nxe3+ 18.
fxe3 Bh4 19. Rg2 Rd7 20. Nc3 Rhd8 21. Rd1 Rxd1 22. Nxd1 Be1 23. Nc3 Kc7 24. Re2 Bxc3 25. Kxc3 axb4+ 26. axb4 Ra8 27. b5 Ra3+ 28. Kb4 Rd3 29.
h4 Kb7 30. Re1 Kc7 31. h5 g5 32. h6 Kb7 33. Rg1 Rxe3 34. Rxg5 Rxf3 35. Rg7+ Kc8 36. Ka5 e4 37. Kb6 Rh3 38. Rxh7 e3 39. Kxc6 Kd8 40. Kd6 Ke8 41. Re7+ Kf8 42. h7 e2 43.
Rxe2 Rh6+ 44. Re6 Rxh7 45. Rf6+ Rf7 46. Rxf7+ Kxf7 1-0